Map: Blackpink LE

Players

axu - Winner!

  • Race: Protoss Protoss
  • League: Platinum
  • Spawn Location: 1:00

protoss

  • Race: Zerg Zerg
  • League: Diamond
  • Spawn Location: 7:00

VOD

Have the link to the VOD?

Description

Time

  • Played on: April 11, 2018, 10:33 a.m.
  • Length: 10:47
Show
View Real Time Build Order
Export as new Build Order

axu Protoss - Winner!

Build Orders: 1 Gate Expand 

Get SALT Encoding   

  12  0:01  Probe  
  13  0:15  Probe  
  14  0:23  Pylon  
  14  0:27  Probe  
  15  0:41  Probe  
  16  0:43  Gateway  
  16  0:53  Probe (Chrono Boost)  
  16  0:54  Assimilator  
  18  1:05  Probe (Chrono Boost)  
  18  1:10  Probe (Chrono Boost)  
  19  1:19  Probe  
  20  1:35  Nexus  
  20  1:39  Cybernetics Core  
  20  1:49  Probe  
  20  1:53  Assimilator  
  21  2:01  Pylon  
  21  2:07  Probe  
  22  2:15  Warp Gate  
  22  2:19  Adept  
  22  2:20  Probe  
  25  2:33  Probe  
  26  2:46  Gateway  
  26  2:48  Gateway  
  26  2:51  Probe x2  
  28  3:03  Probe  
  29  3:09  Probe  
  30  3:15  Probe  
  30  3:16  Twilight Council  
  31  3:20  Adept  
  31  3:21  Probe  
  34  3:27  Probe  
  34  3:33  Probe  
  36  3:39  Adept x2  
  40  3:47  Probe  
  40  3:48  Probe  
  40  3:56  Pylon  
  40  4:02  Pylon  
  40  4:05  Pylon  
  40  4:46  Adept  
  40  4:47  Adept x2  
  30  5:06  Probe x2  
  29  5:12  Pylon  
  29  5:16  Pylon  
  29  5:18  Probe  
  29  5:20  Adept x3  
  36  5:28  Gateway  
  36  5:31  Gateway  
  30  5:45  Adept x2  
  30  5:46  Adept  
  17  6:06  Adept x3  
  23  6:11  Shield Battery  
  23  6:14  Shield Battery  
  23  6:25  Adept  
  23  6:26  Adept x3  
  31  6:41  Adept x2  
  31  6:46  Adept  
  31  6:47  Adept  
  39  7:24  Adept x3  
  39  7:25  Adept  
  41  8:12  Nexus  
  41  8:25  Assimilator  
  41  8:27  Adept x3  
  41  8:29  Assimilator  
  47  8:39  Pylon  
  47  8:42  Pylon  
  47  8:57  Probe  
  47  9:00  Shield Battery  
  48  9:09  Probe  
Show
View Real Time Build Order
Export as new Build Order

protoss Zerg 

Build Orders: Pool First 

Get SALT Encoding   

  12  0:01  Drone  
  13  0:08  Drone  
  14  0:17  Overlord  
  14  0:23  Extractor  
  14  0:24  Drone  
  14  0:37  Drone x2  
  16  0:52  Spawning Pool  
  16  0:53  Drone  
  16  0:58  Drone  
  17  1:07  Drone  
  18  1:30  Hatchery  
  17  1:39  Queen  
  19  1:43  Drone  
  20  1:47  Drone  
  21  1:54  Overlord  
  21  1:58  Zergling x2  
  22  2:05  Metabolic Boost  
  22  2:14  Zergling x2  
  23  2:18  Zergling x2  
  24  2:22  Lair  
  24  2:27  Zergling x2  
  25  2:38  Zergling x2  
  26  2:46  Zergling x2  
  26  2:49  Zergling x2  
  28  2:54  Zergling x8  
  32  3:02  Queen  
  34  3:06  Overlord  
  34  3:12  Zergling x2  
  35  3:15  Zergling x2  
  36  3:25  Nydus Network  
  36  3:27  Zergling x2  
  36  3:31  Zergling x2  
  36  3:32  Zergling x2  
  38  3:38  Zergling x2  
  39  3:48  Drone x3  
  41  4:04  Nydus Canal  
  41  4:05  Zergling x2  
  41  4:06  Zergling x4  
  44  4:12  Overlord  
  44  4:18  Overlord  
  41  4:32  Nydus Canal  
  41  4:34  Zergling x6  
  43  4:45  Extractor  
  42  4:49  Zergling x2  
  42  4:50  Zergling x4  
  38  5:18  Nydus Canal  
  38  5:19  Zergling x2  
  38  5:20  Zergling x2  
  40  5:22  Hatchery  
  40  5:23  Zergling x2  
  40  5:27  Zergling x2  
  41  5:34  Zergling x2  
  41  5:35  Zergling x2  
  43  5:39  Zergling x2  
  44  5:43  Zergling x2  
  44  5:48  Zergling x2  
  43  5:52  Zergling x2  
  44  6:08  Infestation Pit  
  43  6:13  Hydralisk Den  
  42  6:22  Zergling x6  
  43  6:40  Zergling x8  
  47  6:51  Nydus Canal  
  47  7:12  Nydus Canal  
  44  7:26  Nydus Canal  
  38  7:32  Zergling x4  
  38  7:33  Zergling x6  
  39  7:49  Drone x2  
  30  8:11  Drone  
  30  8:12  Drone  
  32  8:20  Drone  
  33  8:27  Drone  
  33  8:33  Drone  
  35  8:39  Drone  
  36  8:44  Drone  
  37  8:49  Drone  
  37  8:55  Drone  
  39  8:57  Drone  
  39  9:01  Drone  
Tags
 
Add a new tag
Caveats
  • Supply blocks, unpowered buildings, or Contaminate may cause inaccurate times.
  • Supply counts are checked every 10 seconds.